 Dungeon Sprint DCSS version 0.30.1-5-ged363bc7ee (webtiles) character file.

Game seed: 16724654708094004214

190 Heoruswealwe the Thaumaturge (level 5, -5/28 HPs)
             Began as a Deep Elf Summoner on Sept 19, 2023.
             Was a Follower of Sif Muna.
             Slain by a scorpion (7 damage)
             ... in the Dungeon (Sprint V: "Ziggurat Sprint").
             The game lasted 00:05:33 (173 turns).

Heoruswealwe the Thaumaturge (Deep Elf Summoner)     Turns: 173, Time: 00:05:34

Health: -5/28      AC:  2    Str:  5    XL:     5   Next: 41%
Magic:  20/20      EV: 12    Int: 34    God:    Sif Muna [*.....]
Gold:   0          SH:  0    Dex: 15    Spells: 13/26 levels left

rFire   . . .        a - +27 heavy crossbow "Sniper" {heavy, Acc+∞ SInv}
rCold   . . .        (shield currently unavailable)
rNeg    . . .        c - +0 robe
rPois   .            (no helmet)
rElec   .            (no cloak)
rCorr   .            (no gloves)
SInv    +            (no boots)
Will    .....        (no amulet)
Stlth   ++           k - +6 ring of intelligence
HPRegen 0.24/turn    j - +6 ring of intelligence
MPRegen 0.17/turn

%: no teleportation
@: lethally poisoned (-5 -> -33)
A: no striking features
a: Renounce Religion, Channel Magic


You were in the Dungeon.
You worshipped Sif Muna.
Sif Muna was aware of your devotion.
You visited 1 branch

Inventory:

Hand Weapons
 a - the +27 heavy crossbow "Sniper" (weapon) {heavy, Acc+∞ SInv}
   (You found it in the Dungeon)

   Acc+∞: It never misses its target.
   SInv:      It lets you see invisible.
Armour
 c - a +0 robe (worn)
Jewellery
 j - a +6 ring of intelligence (right hand)
 k - a +6 ring of intelligence (left hand)
Scrolls
 g - 4 scrolls of blinking
 m - 4 scrolls of amnesia
Potions
 b - 8 potions of magic
 d - 10 potions of heal wounds
 e - 6 potions of haste
 h - 2 potions of brilliance
 i - 2 potions of invisibility
 w - 4 potions of resistance
 A - 11 potions of curing


   Skills:
 - Level 2.4 Dodging
 - Level 2.4 Stealth
 + Level 11.4 Spellcasting
 + Level 10.3 Summonings


You had 13 spell levels left.
You knew the following spells:

 Your Spells              Type           Power      Damage    Failure   Level
a - Summon Small Mammal   Summ           100%       N/A       1%          1
b - Call Imp              Summ           100%       N/A       1%          2
c - Call Canine Familiar  Summ           74%        N/A       1%          3
d - Summon Guardian Gole  Hex/Summ       53%        N/A       1%          3
e - Summon Lightning Spi  Summ/Air       53%        N/A       2%          4

Your spell library contained the following spells:

 Spells                   Type           Power      Damage    Failure   Level
 Leda's Liquefaction      Hex/Erth       9%         N/A       22%         4
 Lee's Rapid Deconstruct  Erth           9%         3d7*      54%         5
 Statue Form              Tmut/Erth      12%        N/A       98%         6


Dungeon Overview and Level Annotations

Branches:
Dungeon (1/1)

Altars:
Ashenzari
Cheibriados
Dithmenos
Elyvilon
Fedhas
Gozag
Hepliaklqana
Kikubaaqudgha
Makhleb
Nemelex Xobeh
Okawaru
Qazlal
Ru
Sif Muna
Trog
Uskayaw
Vehumet
Wu Jian
Xom
Yredelemnul
Zin
The Shining One
Jiyva
Lugonu

Annotations:
D 1 transporter


Message History

The floor.
Memorise Call Canine Familiar, consuming 3 spell levels and leaving 20?
You start memorising the spell.
You continue memorising. x3
You finish memorising.
Spell assigned to 'c'.
Memorise Summon Guardian Golem, consuming 3 spell levels and leaving 17?
You start memorising the spell.
You continue memorising. x3
You finish memorising.
Spell assigned to 'd'.
This spell is quite dangerous to cast!
Memorise Summon Lightning Spire, consuming 4 spell levels and leaving 13?
You start memorising the spell.
You continue memorising. x4
You finish memorising.
Spell assigned to 'e'.
Welcome to arena 2.
You enter the transporter and appear at another place.
A tarantella and 2 scorpions come into view.
Found three items.
Found a transporter.
Fire: a) +27 heavy crossbow "Sniper" {heavy, Acc+∞ SInv}
Press: ? - help, Shift-Dir - straight line, f - tarantella
Aim: a tarantella (asleep, 100% to hit)
You shoot a bolt. The bolt hits the tarantella!!
The tarantella's many legs skitter faintly.
The tarantella is almost dead.
The tarantella touches you!
Ouch! That really hurt!
The tarantella closely misses you.
Fire: a) +27 heavy crossbow "Sniper" {heavy, Acc+∞ SInv}
Press: ? - help, Shift-Dir - straight line, f/p - tarantella
Aim: a tarantella (almost dead, 100% to hit)
You shoot a bolt. The bolt hits the tarantella!!!
You kill the tarantella!
Sif Muna accepts your kill.
You can now call upon Sif Muna for magical energy.
The scorpion completely misses you. The scorpion stings you.
You are lethally poisoned!
The scorpion poisons you! The scorpion stings you!
* * * LOW HITPOINT WARNING * * *
You are more poisoned.
The scorpion poisons you! The scorpion barely misses you. x2
The scorpion completely misses you. The scorpion barely misses you.
The scorpion misses you. The scorpion stings you!
You die...

▓▓▓▓▓▓▓▓▓▓▓▓▓
▓.8©8.▓.8©8.▓
▓.))/.▓.....▓
▓.....▓...).▓
▓.....▓../..▓
▓.....▓..)..▓
▓.s.s.▓..©..▓
▓..@..▓▓▓▓▓▓▓
▓▓▓▓▓▓▓


You could see 2 scorpions.

Vanquished Creatures
  A tarantella (D)
  Sigmund (D)
  Jessica (D)
3 creatures vanquished.

Notes
Turn   | Place    | Note
-------+----------+-------------------------------------------
     0 | D        | Heoruswealwe the Deep Elf Summoner began the quest for the
                  | Orb.
     0 | D        | Reached XP level 1. HP: 10/10 MP: 6/6
     0 | D        | Found a shimmering blue altar of Sif Muna.
     0 | D        | Found a sacrificial altar of Ru.
     0 | D        | Found a bloodstained altar of Trog.
     0 | D        | Found a stormy altar of Qazlal.
     0 | D        | Found an iron altar of Okawaru.
     0 | D        | Found a sparkling altar of Nemelex Xobeh.
     0 | D        | Found a blossoming altar of Fedhas.
     0 | D        | Found the +6 Majin-Bo {spellvamp, MP+6 Int+6}
     0 | D        | Found the +27 heavy crossbow "Sniper" {heavy, Acc+∞ SInv}
     0 | D        | Found the +10 dark maul {heavy}
     0 | D        | Found the +15 Maxwell's patent armour {-Cast -Tele rElec
                  | Will+ rCorr}
     0 | D        | Found the +18 shield of the Gong {Loud rN+ Will+ rCorr
                  | EV-5}
     0 | D        | Found the +16 obsidian axe {drain, demonic, Mesm Drain Fly
                  | SInv}
     0 | D        | Found the +7 great mace "Firestarter" {flame, immolate,
                  | rFlCloud rF++}
     0 | D        | Found the +6 shillelagh "Devastator" {shatter}
     0 | D        | Found the +11 plutonium sword {Contam Stlth-}
     0 | D        | Found the +8 lance "Wyrmbane" {slay drac, rPois rF+ rC+
                  | AC+3}
     0 | D        | Found the +9 sword of Zonguldrok {reap}
     0 | D        | Found the +13 scythe of Curses {drain, curses, Drain}
     0 | D        | Found the +9 sword of Power {lifebolt}
     0 | D        | Found the +7 mace of Variability {chaos, chaos arc}
     0 | D        | Found the +11 Singing Sword {sonic wave}
     0 | D        | Found the +8 storm bow {elec, penet}
     2 | D        | Found a transporter.
     2 | D        | Found an ancient bone altar of Kikubaaqudgha.
     2 | D        | Found a viscous altar of Jiyva.
     2 | D        | Found a corrupted altar of Lugonu.
     2 | D        | Found a hazy altar of Hepliaklqana.
     2 | D        | Found a burning altar of Makhleb.
     2 | D        | Found an opulent altar of Gozag.
    28 | D        | Became a worshipper of Sif Muna the Loreminder
    69 | D        | Reached skill level 7 in Spellcasting
    69 | D        | Reached XP level 2. HP: 15/15 MP: 7/12
    74 | D        | Learned a level 2 spell: Call Imp
   116 | D        | Entered arena 2.
   116 | D        | Noticed Sigmund
   116 | D        | Noticed Jessica
   116 | D        | Found a transporter.
   118 | D        | Killed Sigmund
   119 | D        | Reached skill level 11 in Spellcasting
   119 | D        | Reached skill level 10 in Summonings
   119 | D        | Reached XP level 3. HP: 19/19 MP: 12/17
   119 | D        | Reached XP level 4. HP: 24/24 MP: 13/19
   119 | D        | Reached XP level 5. HP: 28/28 MP: 13/20
   119 | D        | Killed Jessica
   162 | D        | Learned a level 3 spell: Call Canine Familiar
   166 | D        | Learned a level 3 spell: Summon Guardian Golem
   171 | D        | Learned a level 4 spell: Summon Lightning Spire
   171 | D        | Entered arena 3.
   171 | D        | Noticed a tarantella
   171 | D        | Found a transporter.
   173 | D        | Killed a tarantella
   173 | D        | Reached * piety under Sif Muna
   173 | D        | Slain by a scorpion

Illustrated notes

Levels and vault maps discovered:
D:        sprint_v [room_start, room_1, room_2, room_3, room_4, room_5, room_6,
          room_7, room_8, room_9, room_10, room_11, room_12, room_13, room_14,
          room_15, room_16, room_17, room_18, room_19, room_20, room_21,
          room_22, room_23, room_24, room_25, room_26, room_27]

Skill      XL: |  1  2 |
---------------+-------+-----
Spellcasting   | 7 11 | 11.4
Summonings     | 7 10 | 10.3
Dodging        | |  2.4
Stealth        | |  2.4

Action                     |  1- 3 |  4- 6 || total
---------------------------+-------+-------++-------
   Fire: Heavy crossbow    |     2 |     3 ||     5
    Use: Potion            |     1 |       ||     1
 Armour: Robe              |     1 |       ||     1
  Dodge: Dodged            |       |     7 ||     7
